 Dungeon Crawl Stone Soup version 0.18-a0-5-gf1fb587 (webtiles) character file.

10690 xeno23 the Spear-Bearer (level 11, -13/84 HPs)
             Began as a Merfolk Ice Elementalist on Oct 31, 2015.
             Was a Priest of Sif Muna.
             Mangled by a nine-headed hydra (14 damage)
             ... on level 4 of the Lair of Beasts.
             The game lasted 01:54:30 (12042 turns).

xeno23 the Spear-Bearer (Merfolk Ice Elementalist) Turns: 12042, Time: 01:54:30

Health: -13/84     AC:  7    Str:  8    XL:     11   Next: 66%
Magic:  5/17       EV: 13    Int: 18    God:    Sif Muna [***...]
Gold:   603        SH:  0    Dex: 15    Spells: 5 memorised, 2 levels left

rFire  + . .     SeeInvis .     B - +0 halberd (elec)
rCold  + . .     Clarity  .     b - +2 robe {rF+}
rNeg   + . .     SustAt   .     (no shield)
rPois  +         Gourm    .     (no helmet)
rElec  .         Spirit   .     P - +1 cloak
rCorr  .         Warding  +     (no gloves)
rMut   .         Stasis   .     L - +0 pair of boots {rF+}
MR     .....                    v - amulet of warding
Stlth  ++........               D - ring of poison resistance
                                a - ring of ice

@: not resistant to hostile enchantments, unstealthy
A: change form in water, swift swim
a: Channel Energy, Forget Spell, Renounce Religion


You were on level 4 of the Lair of Beasts.
You worshipped Sif Muna.
Sif Muna was most pleased with you.
You were hungry.

You visited 3 branches of the dungeon, and saw 13 of its levels.
You also visited: Ossuary and Volcano.

You collected 891 gold pieces.
You spent 288 gold pieces at shops.

Inventory:

Hand Weapons
 d - a +0 blowgun
 B - a +0 halberd of electrocution (weapon)
Missiles
 h - 56 poisoned needles
 E - 11 curare-tipped needles
Armour
 b - a +2 robe of fire resistance (worn)
 L - a +0 pair of boots of fire resistance (worn)
 P - a +1 cloak (worn)
Jewellery
 a - a ring of ice (left hand)
 v - an amulet of warding (around neck)
 D - a ring of poison resistance (right hand)
 I - an uncursed ring of flight
 X - an uncursed ring of see invisible
Wands
 o - a wand of hasting (2)
 q - a wand of fire (7)
 F - a wand of fireball (8)
Scrolls
 c - 3 scrolls of identify
 e - 3 scrolls of teleportation
 j - 11 scrolls of remove curse
 p - 4 scrolls of enchant armour
 r - 6 scrolls of amnesia
 u - 3 scrolls of blinking
 y - 2 scrolls of fog
 C - 3 scrolls of magic mapping
 K - 2 scrolls of immolation
 R - a scroll of enchant weapon
 V - 5 scrolls of fear
 Y - a scroll of summoning
Potions
 f - 10 potions of curing
 i - 3 potions of agility
 k - 2 potions of heal wounds
 l - a potion of cure mutation
 m - 4 potions of flight
 t - a potion of might
 x - 5 potions of lignification
 z - 3 potions of magic
 A - 2 potions of berserk rage
 J - a potion of ambrosia {unknown}
 M - 2 potions of brilliance
 N - a potion of mutation {unknown}
 W - a potion of poison {unknown}
Books
 g - a book of Power

   Spells                             Type                      Level
   a - Fulminant Prism                Conjuration/Hexes            4
   b - Iskenderun's Mystic Blast      Conjuration                  4
   c - Venom Bolt                     Conjuration/Poison           5
   d - Bolt of Magma                  Conjuration/Fire/Earth       5
   e - Iron Shot                      Conjuration/Earth            6
   f - Orb of Destruction             Conjuration                  7
   g - Spellforged Servitor           Conjuration/Summoning        7
 H - a book of Flames

   Spells                             Type                      Level
   a - Flame Tongue                   Conjuration/Fire             1
   b - Throw Flame                    Conjuration/Fire             2
   c - Conjure Flame                  Conjuration/Fire             3
   d - Inner Flame                    Hexes/Fire                   3
   e - Sticky Flame                   Conjuration/Fire             4
   f - Fireball                       Conjuration/Fire             5
Comestibles
 n - a beef jerky
 s - 3 bread rations
 G - 2 meat rations


   Skills:
 + Level 7.1 Fighting
 * Level 11.5 Polearms
 - Level 2.6 Dodging
 - Level 2.1 Stealth
 - Level 4.0 Spellcasting
 * Level 6.4 Conjurations
 - Level 3.0 Charms
 - Level 6.0 Summonings
 * Level 10.5 Ice Magic
 * Level 3.4 Invocations


You had 2 spell levels left.
You knew the following spells:

 Your Spells              Type           Power        Failure   Level  Hunger
a - Freeze                Ice            ####         1%          1    None
c - Summon Ice Beast      Ice/Summ       ######..     6%          4    ####...
s - Condensation Shield   Ice            ######....   1%          4    ####...
w - Throw Icicle          Conj/Ice       ######..     4%          4    ####...
x - Ozocubu's Armour      Chrm/Ice       #####...     2%          3    ###....


Dungeon Overview and Level Annotations

Branches:
Dungeon (8/15)             Temple (1/1) D:5            Lair (4/8) D:8
  Swamp (0/4) Lair:3       Spider (0/4) Lair:3

Altars:
Ashenzari
Cheibriados
Dithmenos
Elyvilon
Fedhas
Gozag
Kikubaaqudgha
Makhleb
Nemelex Xobeh
Okawaru
Qazlal
Ru
Sif Muna
Trog
Vehumet
Xom
Yredelemnul
Zin
The Shining One

Shops:
D:6 (   D:7 !


Message History

The nine-headed hydra misses you. The nine-headed hydra bites you!
The nine-headed hydra bites you!
You take 44 damage.
Casting: Throw Icicle
Confirm with . or Enter, or press ? or * to list all spells.
Aiming: Freeze
Press: ? - help, Shift-Dir - straight line, f/p - nine-headed hydra
Aim: a nine-headed hydra (heavily wounded, slow)
You feel a surge of power!
You freeze the nine-headed hydra.
The nine-headed hydra is heavily wounded.
Your icy armour evaporates.
Your ice beast hits the nine-headed hydra.
Your ice beast freezes the nine-headed hydra!
The nine-headed hydra bites you. x2
The nine-headed hydra bites you!
* * * LOW HITPOINT WARNING * * *
The nine-headed hydra bites you!
* * * LOW HITPOINT WARNING * * *
The nine-headed hydra bites you!
You die...

...#.## #....####
......#####.......#
.###..##P#...P##..######
..#....................
..........#.P........# #
###...#P#..PP.P#.....##.#
# ##..###....P...........
.....#.###...#......#
.....### #..##@YP.## .!
.....P# ##.###D#Y##.P.
#.#.## #..##.Y..Y.#..
##..##.....YY.
#..#...#####. #.....##
#..##..# #.....##
#.####..


You could see a nine-headed hydra, 2 sheep and a friendly ice beast.

Vanquished Creatures
  A griffon (Lair:3)
  An elephant (D:8)
  2 toenail golems (Volcano)
  A black mamba (Lair:4)
  2 spiny frogs (Lair:1)
  2 komodo dragons
  The ghost of kae the Poker, an amateur NaFi (Ossuary)
  Grinder (D:6)
  5 humans (Volcano)
  4 yaks
  A hungry ghost (D:8)
  A wolf (Lair:3)
  A hippogriff (Lair:4)
  The ghost of asdu the Digger, an amateur OpEE (D:4)
  An ice beast (D:7)
  3 water moccasins
  Duvessa (D:5)
  7 porcupines
  An orc warrior (D:6)
  An ogre (D:8)
  5 crocodiles
  3 centaurs
  Blork the orc (D:5)
  9 giant frogs
  Dowan (D:5)
  A wyvern zombie (D:8)
  A water moccasin zombie (Ossuary)
  A scorpion (D:8)
  The ghost of asdu the Ducker, a weakling SpBe of Trog (D:4)
  A jelly (D:5)
  4 crimson imps (D:3)
  Crazy Yiuf (D:6)
  5 orc priests
  An orc wizard (D:6)
  2 hounds
  A giant frog skeleton (D:6)
  4 iguanas
  8 worker ants
  A big kobold zombie (Ossuary)
  A hound skeleton (D:4)
  A mummy (Ossuary)
  2 worker ant zombies
  4 gnolls (D:4)
  13 river rats (Lair:3)
  5 adders
  An ooze (D:1)
  2 worms
  6 adder zombies (Ossuary)
  An adder skeleton (D:8)
  4 giant geckos
  25 orcs
  4 giant cockroaches
  7 goblins
  7 hobgoblins
  3 jackals
  10 kobolds
  2 quokkas
  2 ball pythons (D:2)
  5 bats
  5 giant newts
  2 gnoll zombies (Ossuary)
  3 hobgoblin zombies (Ossuary)
  2 kobold zombies (Ossuary)
  7 orc zombies (Ossuary)
  A quokka skeleton (D:4)
  5 rats
219 creatures vanquished.

Vanquished Creatures (collateral kills)
  A hydra (Lair:2)
  A toenail golem (Volcano)
  A yak (Lair:1)
  A human (Volcano)
  2 hippogriffs
  A basilisk (Lair:3)
  4 wolves (Lair:3)
  Menkaure (D:6)
  A water moccasin (Lair:3)
  A sky beast (D:8)
  An ogre (D:8)
  A crocodile (Lair:1)
  A giant frog (D:8)
  3 wights (D:8)
  A centaur skeleton (D:8)
  An iguana (Lair:2)
  An orc wizard (D:8)
  3 orc priests (D:8)
  2 sheep
  A mummy (Ossuary)
  2 river rats (Lair:3)
  A giant gecko (D:6)
  2 orcs
34 creatures vanquished.

Vanquished Creatures (others)
  2 fungi (Lair:4)
  2 plants (Lair:4)
4 creatures vanquished.

Grand Total: 257 creatures vanquished

Notes
Turn   | Place    | Note
--------------------------------------------------------------
     0 | D:1      | xeno23 the Merfolk Ice Elementalist began the quest for the Orb.
     0 | D:1      | Reached XP level 1. HP: 13/13 MP: 3/3
    88 | D:1      | Reached XP level 2. HP: 10/20 MP: 0/5
   296 | D:1      | Reached skill level 1 in Fighting
   450 | D:1      | Reached XP level 3. HP: 19/26 MP: 1/6
  1165 | D:2      | Learned a level 3 spell: Ozocubu's Armour
  1265 | D:2      | Reached skill level 4 in Ice Magic
  1530 | D:2      | Found a blossoming altar of Fedhas.
  2417 | D:3      | Found a shimmering altar of Xom.
  2421 | D:3      | Reached skill level 1 in Charms
  2421 | D:3      | Reached XP level 4. HP: 33/33 MP: 4/8
  2458 | D:3      | Reached XP level 5. HP: 34/38 MP: 5/9
  2827 | D:3      | Reached skill level 5 in Ice Magic
  3132 | D:3      | Reached XP level 6. HP: 46/46 MP: 4/10
  3407 | D:4      | Noticed asdu's ghost (amateur OpEE)
  3417 | D:3      | Learned a level 4 spell: Summon Ice Beast
  3439 | D:4      | Found an iron altar of Okawaru.
  3448 | D:4      | Killed asdu's ghost
  3448 | D:4      | Reached skill level 1 in Polearms
  3448 | D:4      | Reached skill level 1 in Summonings
  3469 | D:4      | Reached XP level 7. HP: 38/52 MP: 5/12
  3496 | D:4      | Found a shadowy altar of Dithmenos.
  3688 | D:4      | Noticed asdu's ghost (weakling SpBe)
  3700 | D:4      | Killed asdu's ghost
  4052 | D:5      | Entered Level 5 of the Dungeon
  4084 | D:5      | Found an opulent altar of Gozag.
  4094 | D:5      | Noticed Duvessa
  4248 | D:5      | Noticed Blork the orc
  4290 | D:5      | Killed Blork the orc
  4473 | D:5      | Reached skill level 6 in Ice Magic
  4605 | D:5      | Noticed Dowan
  4644 | D:5      | Killed Duvessa
  4644 | D:5      | Reached XP level 8. HP: 48/60 MP: 1/13
  4678 | D:5      | Killed Dowan
  5014 | D:5      | Found a staircase to the Ecumenical Temple.
  5023 | Temple   | Entered the Ecumenical Temple
  5116 | Temple   | Became a worshipper of Sif Muna the Loreminder
  5169 | D:5      | Found a sacrificial altar of Ru.
  5335 | D:6      | Found a snail-covered altar of Cheibriados.
  5392 | D:6      | Found Woimipp's Weapon Boutique.
  5404 | D:6      | Reached skill level 5 in Polearms
  5631 | D:6      | Noticed Grinder
  5645 | D:6      | Killed Grinder
  5645 | D:6      | Reached skill level 7 in Ice Magic
  5657 | D:6      | Learned a level 4 spell: Throw Icicle
  5688 | D:6      | Noticed Crazy Yiuf
  5693 | D:6      | Killed Crazy Yiuf
  5693 | D:6      | Reached skill level 1 in Conjurations
  5740 | D:6      | Noticed Menkaure
  5754 | D:6      | Killed Menkaure
  5862 | D:6      | Reached * piety under Sif Muna
  5906 | D:7      | Reached XP level 9. HP: 46/66 MP: 11/15
  6252 | D:7      | Got a translucent flail
  6253 | D:7      | Identified the +5 flail of Fixation {flame, rPois rF+ rC-} (You found it on level 7 of the Dungeon)
  6305 | D:7      | Found a sand-covered staircase.
  6328 | Ossuary  | Entered an ossuary
  6586 | Ossuary  | Noticed kae's ghost (amateur NaFi)
  6603 | Ossuary  | Killed kae's ghost
  6603 | Ossuary  | Reached skill level 5 in Fighting
  6667 | D:7      | Found Gynipuli's Distillery.
  6670 | D:7      | Bought 2 potions of heal wounds for 120 gold pieces
  6670 | D:7      | Bought a potion of curing for 36 gold pieces
  6670 | D:7      | Bought a potion of magic for 96 gold pieces
  6670 | D:7      | Bought a potion of flight for 36 gold pieces
  6716 | D:7      | Reached skill level 5 in Summonings
  7108 | D:8      | Reached ** piety under Sif Muna
  7288 | D:8      | Reached skill level 8 in Ice Magic
  7329 | D:8      | Found a staircase to the Lair.
  7329 | D:8      | Noticed an elephant
  8023 | D:8      | Reached XP level 10. HP: 50/74 MP: 16/16
  8187 | D:8      | Killed an elephant
  8208 | Lair:1   | Entered Level 1 of the Lair of Beasts
  8324 | Lair:1   | HP: 1/76 [porcupine (11)]
  8348 | Lair:1   | Reached *** piety under Sif Muna
  8568 | Lair:1   | Reached skill level 9 in Polearms
  8598 | Lair:1   | Got a warped ring mail
  9328 | Lair:1   | Identified the +2 ring mail "Gulopt" {Slay+3} (You found it on level 1 of the Lair of Beasts)
  9371 | Lair:1   | Learned a level 4 spell: Condensation Shield
  9521 | Lair:2   | Reached skill level 5 in Conjurations
  9558 | Lair:2   | Reached skill level 10 in Polearms
  9715 | Lair:2   | Noticed a five-headed hydra
  9723 | Lair:2   | Killed a six-headed hydra
  9779 | Lair:2   | Found a dark tunnel.
  9787 | Volcano  | Entered a volcano
  9795 | Volcano  | Noticed a toenail golem
  9809 | Volcano  | Killed a toenail golem
  9809 | Volcano  | Reached XP level 11. HP: 73/83 MP: 3/17
  9888 | Volcano  | Upgraded the game from 0.18-a0-1-gfac8111 to 0.18-a0-5-gf1fb587
  9991 | Volcano  | Reached skill level 10 in Ice Magic
 10052 | Volcano  | Noticed a toenail golem
 10052 | Volcano  | Noticed a toenail golem
 10078 | Volcano  | Killed a toenail golem
 10078 | Volcano  | Reached skill level 1 in Invocations
 10133 | Volcano  | Killed a toenail golem
 10640 | Lair:2   | Reached skill level 11 in Polearms
 10682 | Lair:3   | Found a hole to the Spider Nest.
 10862 | Lair:3   | Found a staircase to the Swamp.
 11783 | Lair:4   | Noticed an eight-headed hydra
 12042 | Lair:4   | HP: 1/84 [nine-headed hydra (14)]
 12042 | Lair:4   | Mangled by a nine-headed hydra

Vault maps used:
D:1:      minmay_arrival_diagonal_passages, kennysheep_small_spiral
D:2:      marbit_many_paths, first_bread, grunt_ministairs_8,
          kennysheep_cluttered_room
D:3:      led_xom_imps
D:4:      grunt_dithmenos_smoke_and_mirrors, okawaru_trees_2, minivault_14
D:5:      nicolae_gozag_cash_rules_everything_around_me,
          nicolae_ru_path_of_blood, lemuel_temple_firewalk, uniq_duvessa,
          uniq_blork_the_orc
D:6:      serial_shops, shop, basic_altar, uniq_crazy_yiuf_cottage,
          uniq_grinder, uniq_menkaure
D:7:      nicolae_ossuary_entry_ruins, serial_shops, nicolae_shop_behind_doors
D:8:      david_lair_generic
Temple:   nicolae_temple_god_jail
Lair:1:   grunt_megastairs_1
Lair:2:   lightli_volcano_entry_magma_tube
Lair:3:   swamp_mist, spider_nest_entry_web_field
Lair:4:   gammafunk_lair_bear_cave, grunt_megastairs_2
Ossuary:  ossuary_tomb_2
Volcano:  volcano_bunker

Action                   |  1- 3 |  4- 6 |  7- 9 | 10-12 || total
-------------------------+-------+-------+-------+-------++-------
Melee: Dagger            |    73 |    34 |       |       ||   107
       Trident           |       |    31 |   239 |       ||   270
       Flail             |       |       |    78 |       ||    78
       Halberd           |       |       |    27 |   246 ||   273
 Cast: Freeze            |    62 |    39 |    95 |    42 ||   238
       Ozocubu's Armour  |       |     5 |    20 |    26 ||    51
       Summon Ice Beast  |       |       |    18 |    17 ||    35
       Throw Icicle      |       |       |       |    25 ||    25
       Condensation Shie |       |       |       |    11 ||    11
Invok: Channel Energy    |       |       |       |     8 ||     8
Evoke: Wand              |       |       |     1 |       ||     1
  Use: Scroll            |       |     3 |    14 |     6 ||    23
       Potion            |       |     1 |     1 |     1 ||     3
 Stab: Sleeping          |     4 |     3 |    14 |     7 ||    28
       Petrified         |       |     2 |       |       ||     2
       Petrifying        |       |     1 |       |       ||     1
       Distracted        |       |     1 |     1 |     1 ||     3
  Eat: Chunk             |     3 |     2 |    16 |    18 ||    39
       Bread ration      |     1 |       |     1 |     1 ||     3
       Royal jelly       |       |       |       |     1 ||     1
       Fruit             |       |       |       |     4 ||     4
